 Dungeon Crawl Stone Soup version 0.24.1 (webtiles) character file.

Game seed: 5213929707919019916, levelgen mode: deterministic

3840 Chiseanne the Thaumaturge (level 9, -8/41 HPs)
             Began as a Spriggan Summoner on Mar 29, 2020.
             Was an Initiate of Gozag.
             Mangled by a hornet (15 damage)
             ... while paralysed by a hornet
             ... on level 10 of the Dungeon.
             The game lasted 00:43:46 (12512 turns).

Chiseanne the Thaumaturge (Spriggan Summoner)      Turns: 12512, Time: 00:43:46

Health: -8/41      AC:  2    Str:  4    XL:     9   Next: 98%
Magic:  24/33      EV:  4    Int: 20    God:    Gozag
Gold:   136        SH:  0    Dex: 16    Spells: 15/28 levels left

rFire    + . .     SeeInvis +   a - +5 short sword (speed)
rCold    . . .     Gourm    .   q - +2 buckler
rNeg     . . .     Faith    .   F - +0 robe {rF+}
rPois    .         Spirit   .   (helmet restricted)
rElec    .         Reflect  +   (no cloak)
rCorr    .         Harm     .   (gloves unavailable)
MR       ++...                  (boots unavailable)
Stlth    +++.......             M - +4 amulet of reflection
HPRegen  0.13/turn              o - ring of magical power
MPRegen  0.23/turn              f - ring of protection from magic

@: paralysed, lethally poisoned (-8 -> -23), very quick
A: very small, unfitting armour, see invisible, herbivore, speed 3, slow
metabolism 2
a: Potion Petition, Call Merchant, Bribe Branch, Renounce Religion


You were on level 10 of the Dungeon.
You worshipped Gozag.
Gozag was aware of your devotion.
You were not hungry.

You visited 2 branches of the dungeon, and saw 11 of its levels.
You also visited: Ossuary.

You collected 1151 gold pieces.
You spent 165 gold pieces at shops.
You paid 850 gold pieces to Gozag.

Inventory:

Hand Weapons
 a - a +5 short sword of speed (weapon)
 b - a +0 scimitar of flaming
 s - a +6 hand axe of flaming
 w - a +0 hunting sling
Missiles
 d - 289 stones
 j - 189 bolts
 k - 118 sling bullets
 p - 49 poisoned darts (quivered)
 r - 3 boomerangs
 J - 3 throwing nets {!*}
Armour
 q - a +2 buckler (worn)
 F - a +0 robe of fire resistance (worn)
Jewellery
 e - an uncursed ring of ice
 f - a ring of protection from magic (right hand)
 o - a ring of magical power (left hand)
 y - an uncursed amulet of regeneration
 E - an uncursed amulet of magic regeneration
 M - a +4 amulet of reflection (around neck)
Wands
 u - a wand of polymorph (3)
 v - a wand of disintegration (3)
 D - a wand of flame (17)
Scrolls
 c - a scroll of fog
 z - 5 scrolls of remove curse
 G - a scroll of magic mapping
 H - a scroll of identify
 I - a scroll of amnesia
 L - a scroll of teleportation
 N - a scroll of enchant armour
Potions
 g - 4 potions of heal wounds
 h - a potion of agility
 i - a potion of berserk rage
 l - 5 potions of curing
 m - a potion of invisibility
 n - a potion of flight
 t - 2 potions of lignification
 x - a potion of magic
 A - 3 potions of haste
 B - a potion of ambrosia
 C - 2 potions of mutation
Comestibles
 K - 5 rations


   Skills:
 - Level 1.0 Fighting
 - Level 4.7 Dodging
 - Level 5.0 Stealth
 - Level 8.0 Shields
 * Level 10.3 Spellcasting
 - Level 3.9 Summonings
 - Level 1.9 Evocations


You had 15 spell levels left.
You knew the following spells:

 Your Spells              Type           Power        Failure   Level  Hunger
a - Call Imp              Summ           ####....     1%          2    None
b - Call Canine Familiar  Summ           ####....     4%          3    None
c - Summon Ice Beast      Ice/Summ       ###.....     30%         4    ##.....
d - Summon Lightning Spi  Summ/Air       ###.....     30%         4    ##.....

Your spell library contained the following spells:

 Spells                   Type           Power        Failure   Level  Hunger
 Summon Small Mammal      Summ           ####         1%          1    None
 Summon Guardian Golem    Hex/Summ       ###.....     9%          3    None


Dungeon Overview and Level Annotations

Branches:
Dungeon (10/15)            Temple (1/1) D:6            Lair (0/6) D:9
Ossuary (visited)
    Orc: D:9-12

Altars:
Ashenzari
Cheibriados
Dithmenos
Elyvilon
Fedhas
Gozag
Hepliaklqana
Kikubaaqudgha
Makhleb
Nemelex Xobeh
Okawaru
Qazlal
Ru
Sif Muna
Trog
Uskayaw
Vehumet
Wu Jian
Xom
Yredelemnul
Zin
The Shining One

Shops:
D:4 !   D:9 %

Annotations:
D:4 1 runed translucent door, Doot's ghost, amateur DEFE
D:8 Harold


Innate Abilities, Weirdness & Mutations

You are very small and have problems with some larger weapons.
You are too small for most types of armour.
You have supernaturally acute eyesight. (SInv)
You are a herbivore.
You cover ground extremely quickly.
You need to consume almost no food.


Message History

Your ice beast closely misses the hornet.
You hit the hornet but do no damage.
The hornet is moderately wounded.
You feel yourself speed up.
You feel sick.
Your hound bites the hornet.
The hornet stings you!
* * * LOW HITPOINT WARNING * * *
You are lethally poisoned!
You suddenly lose the ability to move!
Your ice beast hits the hornet but does no damage.
Your hound bites the hornet.
Your ice beast misses the hornet.
The hornet stings your hound!
Your hound dies!
Your hound's corpse disappears in a puff of smoke!
The hornet buzzes angrily.
* * * LOW HITPOINT WARNING * * *
You feel sick.
Your ice beast closely misses the hornet.
The hornet stings you!
You die...
Your body crumbles into a pile of gold.

###.#........#.########
#.##.#.#####.# #.##.#.#
#.# #..#.#.. #.#
##.#.#### #.# #####.#.#
#.# #.......# #.#
#.......#
#......@#####.##
#.......y§.....#
.........YY.....#
##########..$....#
#.......# #.....$.#
#.......# #.......#
#.......#


You could see a hornet and 2 friendly ice beasts.

Vanquished Creatures
  Erica (D:7)
  A hippogriff (D:8)
  Menkaure (Ossuary)
  An orc warrior (D:8)
  A sky beast (D:9)
  A black bear (D:6)
  A phantom (D:4)
  2 centaurs
  An elf zombie (D:9)
  A big kobold (D:9)
  3 bullfrogs
  A wyvern zombie (D:7)
  3 wights (D:9)
  A howler monkey (D:6)
  A crimson imp (D:9)
  A centaur zombie (D:9)
  A bullfrog zombie (D:8)
  3 human zombies (D:9)
  3 orc wizards
  2 orc priests
  Terence (D:3)
  2 iguanas
  3 worker ants
  A hound zombie (D:9)
  3 mummies (Ossuary)
  A hound skeleton (D:8)
  2 gnolls
  7 adders
  An adder skeleton (D:9)
  A leopard gecko (D:9)
  7 orcs
  5 giant cockroaches
  6 goblins
  3 hobgoblins
  16 jackals
  10 kobolds
  3 quokkas
  7 bats
  6 frilled lizards
  2 gnoll skeletons (Ossuary)
  4 gnoll zombies (Ossuary)
  A goblin skeleton (Ossuary)
  3 goblin zombies (Ossuary)
  6 hobgoblin skeletons (Ossuary)
  A hobgoblin zombie (Ossuary)
  2 kobold skeletons (Ossuary)
  2 kobold zombies (Ossuary)
  A leopard gecko skeleton (D:4)
  2 orc skeletons (Ossuary)
  5 orc zombies (Ossuary)
  9 rats
  6 rat skeletons (Ossuary)
  4 rat zombies (Ossuary)
163 creatures vanquished.

Vanquished Creatures (collateral kills)
  A centaur skeleton (D:10)
  3 wraiths (D:9)
  2 ice beasts
  2 orc warriors
  A black bear (D:9)
  A sky beast (D:9)
  2 necrophages
  2 ogres
  Blork the orc (D:4)
  3 bullfrogs
  A crimson imp (D:9)
  A bullfrog zombie (D:9)
  A jelly (D:9)
  An orc priest (D:8)
  2 human zombies (D:9)
  2 orc wizards
  Jessica (D:3)
  3 worker ants
  Ijyb (D:4)
  4 iguanas
  A hound skeleton (D:4)
  Robin (D:4)
  5 gnolls
  A howler monkey skeleton (D:9)
  3 adders
  A shadow imp (D:7)
  An ooze (D:1)
  2 worms (D:2)
  A dart slug (D:1)
  A leopard gecko (D:1)
  11 orcs
  2 bats
  2 giant cockroaches
  3 gnoll zombies (Ossuary)
  9 goblins
  4 hobgoblins
  2 jackals
  A quokka (D:3)
  A ball python (D:3)
  A gnoll skeleton (Ossuary)
  2 goblin skeletons (Ossuary)
  A jackal zombie (D:6)
  A leopard gecko skeleton (D:4)
  2 orc skeletons (Ossuary)
  An orc zombie (Ossuary)
  A rat skeleton (Ossuary)
  A rat zombie (Ossuary)
97 creatures vanquished.

Vanquished Creatures (others)
  A rat zombie (Ossuary)
1 creature vanquished.

Grand Total: 261 creatures vanquished

Notes
Turn   | Place    | Note
-------+----------+-------------------------------------------
     0 | D:1      | Chiseanne the Spriggan Summoner began the quest for the
                  | Orb.
     0 | D:1      | Reached XP level 1. HP: 9/9 MP: 5/5
   268 | D:1      | Reached XP level 2. HP: 11/13 MP: 2/6
   277 | D:1      | Reached skill level 3 in Spellcasting
   436 | D:1      | Learned a level 2 spell: Call Imp
  1015 | D:1      | Reached XP level 3. HP: 6/16 MP: 4/8
  1206 | D:1      | Learned a level 3 spell: Call Canine Familiar
  1527 | D:2      | Found an ancient bone altar of Kikubaaqudgha.
  1678 | D:2      | Found a stormy altar of Qazlal.
  2168 | D:3      | Noticed Terence
  2196 | D:3      | Killed Terence
  2288 | D:3      | Reached XP level 4. HP: 21/21 MP: 10/10
  2848 | D:3      | Noticed Jessica
  2865 | D:3      | Killed Jessica
  3371 | D:4      | Found a runed translucent door.
  3371 | D:4      | Noticed Doot's ghost (amateur DEFE)
  3401 | D:4      | Found a sparkling altar of Nemelex Xobeh.
  3424 | D:4      | Reached skill level 5 in Stealth
  3424 | D:4      | Reached XP level 5. HP: 24/24 MP: 11/11
  3529 | D:4      | Learned a level 4 spell: Summon Ice Beast
  3548 | D:4      | Reached skill level 4 in Spellcasting
  3647 | D:4      | Found Niyhar's Distillery.
  3742 | D:4      | Noticed Robin
  3742 | D:4      | Noticed an ogre
  3767 | D:4      | Killed an ogre
  3767 | D:4      | Reached skill level 1 in Shields
  3791 | D:4      | Killed Robin
  3892 | D:4      | Noticed Blork the orc
  3949 | D:4      | Killed Blork the orc
  3949 | D:4      | Reached XP level 6. HP: 28/28 MP: 10/13
  4050 | D:4      | Noticed Ijyb
  4081 | D:4      | Killed Ijyb
  4275 | D:4      | Found a blossoming altar of Fedhas.
  4514 | D:5      | Entered Level 5 of the Dungeon
  4801 | D:5      | Noticed an ice beast
  4853 | D:5      | Killed an ice beast
  5381 | D:5      | Reached XP level 7. HP: 32/32 MP: 14/14
  5767 | D:6      | Found a sand-covered staircase.
  5794 | Ossuary  | Entered an ossuary
  6276 | Ossuary  | Noticed Menkaure
  6300 | Ossuary  | Killed Menkaure
  6840 | D:6      | Found a staircase to the Ecumenical Temple.
  6866 | Temple   | Entered the Ecumenical Temple
  6941 | Temple   | Became a worshipper of Gozag Ym Sagoz the Greedy
  6974 | D:6      | Found a glowing silver altar of Zin.
  7034 | D:6      | Reached skill level 5 in Shields
  7661 | D:6      | Reached XP level 8. HP: 34/36 MP: 8/15
  7843 | D:6      | Learned a level 4 spell: Summon Lightning Spire
  8623 | D:8      | Noticed a hippogriff
  8652 | D:8      | Killed a hippogriff
  8653 | D:8      | Noticed Erica
  9006 | D:7      | Killed Erica
  9157 | D:7      | Reached XP level 9. HP: 33/39 MP: 16/16
  9745 | D:8      | Reached skill level 5 in Spellcasting
  9776 | D:8      | Noticed Harold
  9797 | D:8      | Found a shattered altar of Ashenzari.
  9797 | D:8      | Found a faded altar of an unknown god.
  9802 | D:8      | Found a white marble altar of Elyvilon.
  9805 | D:8      | Found a shimmering altar of Xom.
  9806 | D:8      | Found a bloodstained altar of Trog.
  9850 | D:8      | Found a sparkling altar of Nemelex Xobeh.
 10111 | D:8      | Reached skill level 1 in Fighting
 10166 | D:9      | Found a staircase to the Lair.
 10304 | D:9      | Reached skill level 1 in Evocations
 10553 | D:9      | Reached skill level 6 in Spellcasting
 10805 | D:9      | Reached skill level 7 in Spellcasting
 11423 | D:8      | Noticed Harold
 11423 | D:8      | Harold changed into Harold the lindwurm
 11737 | D:9      | Bought a ration for 55 gold pieces
 11737 | D:9      | Bought a ration for 55 gold pieces
 11737 | D:9      | Bought a ration for 55 gold pieces
 11773 | D:9      | Reached skill level 8 in Spellcasting
 11978 | D:9      | Found a basalt altar of Yredelemnul.
 12057 | D:9      | Reached skill level 9 in Spellcasting
 12345 | D:10     | Entered Level 10 of the Dungeon
 12469 | D:10     | Reached skill level 10 in Spellcasting
 12511 | D:10     | Paralysed by a hornet for 2 turns
 12512 | D:10     | Mangled by a hornet

Levels and vault maps discovered:
D:1:      dpeg_arrival_pits, layout_basic, serial_glass, glass_columns_b,
          glass_columns_b
D:2:      layout_loops_ring, kiku_gazebo_pond_becter, grunt_qazlal_clouds
D:3:      layout_loops_ring, uniq_terence, uniq_jessica
D:4:      layout_loops_ring, fedhas_altar_fruit_tree, gammafunk_ghost_grave,
          serial_shops, shop, nemelex_lonely_heart_becter, uniq_ijyb,
          uniq_robin, uniq_blork_the_orc
D:5:      layout_loops_cross, first_ration
D:6:      layout_loops_ring, minmay_temple_entry_ruins,
          nicolae_ossuary_entry_false_entrances, basic_altar
D:7:      layout_loops_cross
D:8:      layout_loops_cross, nemelex_xobeh_ov_fountains_minmay,
          chequers_temple_overflow_minitemple, uniq_harold, uniq_erica
D:9:      layout_loops_ring, lemuel_mausoleum_altar_yredelemnul,
          lair_entry_dummy
D:10:     layout_basic, serial_shops, shop, uniq_psyche, uniq_josephine
Temple:   nicolae_temple_great_sept

Skill      XL: |  1  2  3  4  5  6  7  8  9 |
---------------+----------------------------+-----
Spellcasting   | 3 4 10 | 10.3
Stealth        | 4 5 |  5.0
Dodging        | 4 |  4.7
Shields        | 2 3 5 8 |  8.0
Fighting       | 1 |  1.0
Evocations     | 1 |  1.9
Summonings     | |  3.9

Action                   |  1- 3 |  4- 6 |  7- 9 || total
-------------------------+-------+-------+-------++-------
Melee: Short sword       |   108 |     8 |   187 ||   303
       Spear             |     2 |       |       ||     2
       Hand axe          |       |    80 |   288 ||   368
Throw: Boomerang         |       |     1 |     1 ||     2
       Dart              |       |       |    27 ||    27
 Cast: Summon Small Mamm |    44 |    46 |     9 ||    99
       Call Imp          |     3 |    55 |    63 ||   121
       Call Canine Famil |       |       |    57 ||    57
       Summon Ice Beast  |       |       |     8 ||     8
Invok: Call Merchant     |       |       |     1 ||     1
Evoke: Wand              |       |       |     8 ||     8
  Use: Scroll            |       |    16 |    27 ||    43
       Potion            |       |       |     2 ||     2
 Stab: Sleeping          |     9 |    12 |    20 ||    41
       Distracted        |       |     1 |     5 ||     6
       Paralysed         |       |       |     1 ||     1
  Eat: Ration            |       |     2 |     8 ||    10
Armor: Robe              |    14 |     5 |    11 ||    30
Dodge: Dodged            |    99 |    85 |   256 ||   440
Block: Buckler           |       |    18 |   217 ||   235
